Map: Acid Plant LE

Players

BigMaserTrol - Winner!

  • Race: Terran Terran
  • League: Diamond
  • Spawn Location: 11:00

OnlySentries

  • Race: Protoss Protoss
  • League: Diamond
  • Spawn Location: 5:00

VOD

Have the link to the VOD?

Description

Time

  • Played on: Sept. 2, 2018, 11:10 p.m.
  • Length: 12:12
Show
View Real Time Build Order
Export as new Build Order

BigMaserTrol Terran - Winner!

Build Orders: Hellion Opening, MMM Bio 

Get SALT Encoding   

  12  0:01  SCV  
  13  0:13  SCV  
  14  0:17  Supply Depot  
  14  0:25  SCV  
  15  0:30  Refinery  
  15  0:39  SCV  
  16  0:46  Barracks  
  16  0:51  SCV  
  17  1:03  SCV  
  18  1:15  SCV  
  20  1:34  Reaper, Orbital Command  
  20  1:44  Command Center  
  21  2:01  SCV, Factory  
  21  2:07  Barracks Reactor  
  21  2:13  Supply Depot  
  21  2:14  SCV  
  22  2:19  Refinery  
  22  2:26  SCV  
  23  2:38  SCV  
  24  2:49  Starport  
  24  2:53  Barracks Tech Lab  
  24  2:54  SCV  
  24  2:55  Hellion x2  
  24  2:57  Orbital Command  
  29  3:00  Marine  
  30  3:08  SCV  
  31  3:18  Hellion x2  
  34  3:20  SCV  
  34  3:23  Barracks Tech Lab  
  34  3:25  SCV  
  36  3:30  Medivac  
  38  3:34  SCV  
  38  3:39  Supply Depot  
  38  3:41  Hellion  
  41  3:44  Hellion  
  41  3:46  SCV  
  44  3:48  SCV  
  45  3:58  SCV  
  45  4:01  SCV  
  45  4:02  Supply Depot  
  47  4:08  Marine  
  48  4:10  SCV, Starport Reactor  
  48  4:12  Widow Mine x2  
  48  4:13  Stimpack  
  48  4:15  SCV  
  48  4:16  Refinery  
  54  4:29  Barracks, SCV  
  54  4:30  SCV  
  54  4:31  Barracks  
  56  4:32  Supply Depot  
  56  4:37  Marine  
  57  4:41  SCV  
  57  4:42  Engineering Bay  
  57  4:44  SCV  
  59  4:47  Medivac  
  61  4:55  SCV  
  61  4:56  Marauder  
  56  5:08  SCV x2  
  56  5:10  Refinery  
  56  5:11  Factory Tech Lab  
  58  5:16  Marine  
  58  5:18  Barracks Tech Lab x2  
  58  5:21  Medivac  
  61  5:23  Command Center  
  61  5:31  SCV  
  61  5:32  SCV  
  63  5:40  Marine x2, Marauder  
  63  5:41  Combat Shields  
  67  5:43  SCV, Terran Infantry Weapons Level 1  
  67  5:44  SCV  
  67  5:48  Supply Depot  
  69  5:51  Supply Depot  
  69  5:55  SCV  
  70  6:04  Supply Depot  
  70  6:09  SCV x2, Medivac, Siege Tank  
  77  6:11  Marine  
  77  6:12  Marauder  
  77  6:16  Concussive Shells, Barracks  
  77  6:17  Marine  
  81  6:21  SCV  
  82  6:30  Marauder  
  82  6:32  SCV  
  83  6:33  SCV, Marine  
  83  6:35  Marine  
  83  6:38  Medivac  
  86  6:44  SCV, Orbital Command  
  86  6:45  Barracks  
  87  6:49  Siege Tank  
  87  6:51  Marine, Marauder  
  87  6:53  SCV, Marauder  
  96  6:59  Medivac  
  99  7:01  SCV  
  99  7:06  Supply Depot  
  99  7:09  Marine  
  99  7:13  Marauder  
  99  7:14  Marine  
  103  7:19  Refinery, Orbital Command  
  103  7:22  Marine  
  103  7:23  SCV  
  103  7:24  SCV  
  103  7:25  Liberator x2  
  103  7:27  Ghost Academy, Marauder  
  108  7:32  Marauder  
  108  7:34  Marine, Marauder, Supply Depot  
  108  7:35  SCV, Supply Depot  
  108  7:36  SCV  
  115  7:37  Terran Infantry Armor Level 1  
  115  7:40  Marine  
  113  7:48  Marine  
  112  7:51  Marine  
  112  7:54  Marauder  
  112  7:55  Marine  
  112  7:57  Siege Tank  
  112  7:58  Marine  
  119  7:59  Barracks x2  
  119  8:02  Barracks  
  120  8:06  Marine  
  120  8:09  Marine  
  120  8:10  SCV x2  
  120  8:12  Refinery  
  124  8:13  Marine  
  124  8:14  SCV, Marine  
  124  8:17  Supply Depot  
  124  8:19  Supply Depot  
  127  8:22  SCV, Liberator  
  127  8:25  Marine  
  127  8:26  Marauder  
  131  8:27  Marine  
  131  8:29  SCV  
  131  8:32  Personal Cloaking  
  133  8:37  Supply Depot x2  
  133  8:39  SCV x2, Marine x2  
  140  8:43  Marine  
  140  8:45  Marine  
  140  8:48  Marine x2  
  142  8:49  Marine, Marauder  
  142  8:54  Engineering Bay  
  142  8:55  Armory  
  147  8:56  Marine  
  148  9:08  Marine  
  148  9:09  Marine x2  
  153  9:10  Marauder x2  
  153  9:15  SCV, Marauder  
  159  9:19  Barracks Tech Lab, Barracks Reactor  
  159  9:21  SCV x2  
  159  9:26  Marine  
  159  9:27  SCV, Marine x2  
  159  9:30  Marine  
  160  9:31  Marauder  
  160  9:32  Widow Mine  
  160  9:33  SCV  
  165  9:40  Supply Depot  
  165  9:41  SCV, Marine, Medivac x2, Marauder, Supply Depot  
  165  9:44  Supply Depot  
  173  9:56  Marine x2  
  173  9:59  Marine x4  
  173  10:02  Marine, Marauder x2  
  173  10:04  Liberator x2  
  178  10:14  Marine x2  
  166  10:16  Marine x2, Ghost  
  166  10:17  Marine  
  166  10:20  Marine, Siege Tank  
  174  10:26  Marine  
  174  10:27  Marine  
  182  10:30  SCV  
  182  10:31  SCV, Marine  
  182  10:32  Reaper  
  183  10:42  Marine x2  
  183  10:43  Marauder  
  183  10:45  Marine x2  
  183  10:46  Marine, Marauder  
  183  10:49  Marine  
  193  10:53  Liberator x2, Widow Mine  
  195  11:00  Marine x2  
  195  11:03  Marine  
  184  11:08  Marine x4  
  172  11:20  Marine x3  
  172  11:21  Marine x2  
  176  11:26  Marine x3  
  176  11:29  Marine  
  180  11:33  Starport  
  180  11:38  Marine x2  
  182  11:41  Widow Mine  
  182  11:45  Marine  
  182  11:46  Command Center  
Show
View Real Time Build Order
Export as new Build Order

OnlySentries Protoss 

Build Orders: 1 Gate Expand, Blink Stalkers 

Get SALT Encoding   

  12  0:01  Probe  
  13  0:13  Probe  
  14  0:18  Pylon  
  14  0:25  Probe  
  15  0:34  Probe  
  15  0:38  Gateway  
  15  0:42  Probe  
  16  0:49  Assimilator  
  17  0:51  Probe  
  18  1:03  Probe  
  19  1:16  Probe  
  20  1:26  Nexus  
  20  1:36  Cybernetics Core  
  21  1:40  Probe  
  21  1:45  Assimilator  
  21  1:52  Probe  
  22  1:56  Pylon  
  22  2:04  Stalker, Probe  
  23  2:14  Probe  
  25  2:15  Warp Gate  
  26  2:23  Probe  
  27  2:31  Twilight Council  
  27  2:38  Stalker  
  29  2:44  Probe  
  29  2:45  Probe  
  31  2:56  Probe  
  31  2:57  Probe  
  33  3:05  Blink  
  33  3:08  Stalker  
  35  3:17  Probe  
  35  3:19  Probe  
  36  3:29  Probe  
  36  3:32  Gateway  
  36  3:33  Gateway  
  37  3:35  Probe  
  38  3:42  Probe  
  38  3:47  Probe  
  40  3:49  Pylon  
  40  3:54  Probe  
  41  3:59  Probe  
  42  4:06  Probe  
  43  4:10  Robotics Facility  
  43  4:11  Probe  
  44  4:18  Probe  
  44  4:19  Stalker  
  44  4:24  Probe  
  48  4:25  Shield Battery  
  48  4:30  Stalker, Probe  
  51  4:34  Stalker  
  51  4:35  Pylon  
  53  4:38  Assimilator  
  53  4:50  Probe x2  
  54  4:57  Observer  
  53  5:02  Probe, Charge  
  53  5:03  Probe  
  53  5:04  Stalker  
  52  5:13  Pylon  
  52  5:14  Probe  
  52  5:15  Probe  
  52  5:16  Nexus  
  52  5:18  Observer  
  55  5:26  Probe  
  55  5:27  Pylon, Probe  
  56  5:38  Probe  
  56  5:39  Probe, Observer  
  58  5:48  Forge  
  58  5:50  Probe  
  58  5:52  Forge  
  58  5:54  Probe  
  60  5:58  Gateway  
  60  6:00  Gateway  
  60  6:03  Gateway, Probe  
  61  6:08  Protoss Ground Weapons Level 1  
  61  6:12  Probe  
  61  6:15  Probe  
  61  6:16  Observer  
  64  6:24  Probe  
  65  6:27  Probe  
  65  6:28  Protoss Ground Armor Level 1  
  64  6:50  Immortal  
  64  6:51  Photon Cannon, Probe  
  65  6:54  Zealot x4  
  77  7:07  Photon Cannon  
  77  7:11  Zealot x2  
  81  7:19  Immortal, Zealot  
  81  7:20  Zealot  
  81  7:21  Pylon  
  81  7:22  Pylon  
  85  7:27  Zealot x2  
  92  7:42  Zealot x2  
  92  7:44  Stalker x2  
  92  7:45  Protoss Ground Weapons Level 2  
  96  7:52  Probe x2  
  96  7:53  Probe  
  99  8:02  Templar Archives  
  99  8:03  Observer  
  99  8:04  Probe  
  99  8:05  Probe x2  
  102  8:07  Protoss Ground Armor Level 2  
  102  8:17  Probe x2  
  102  8:19  Probe  
  105  8:20  Pylon  
  105  8:21  Photon Cannon  
  105  8:29  Probe  
  105  8:31  Psionic Storm  
  106  8:37  Gateway  
  106  8:40  Gateway  
  106  8:42  Gateway  
  106  8:45  Probe x2  
  108  8:49  Zealot x2  
  108  8:53  Assimilator  
  108  8:54  Zealot  
  114  8:56  Pylon  
  114  9:01  Zealot  
  110  9:20  Pylon  
  110  9:24  Pylon, Zealot  
  112  9:27  Pylon  
  110  9:43  Zealot  
  112  9:50  Zealot x3  
  118  9:53  Assimilator  
  118  9:55  Stalker x2  
  116  10:04  Zealot  
  104  10:19  Probe  
  104  10:20  Zealot x6  
  117  10:23  Stalker x2  
  117  10:24  Probe  
  117  10:26  Probe  
  123  10:31  Pylon, Probe  
  123  10:33  Pylon  
  123  10:35  Pylon  
  122  10:45  Zealot x3  
  122  10:46  Zealot x2  
  132  10:52  Nexus  
  132  10:55  Pylon  
  132  11:03  Zealot  
  132  11:04  Zealot x3  
  122  11:05  Zealot  
  100  11:12  Zealot x2  
  100  11:13  Zealot  
  90  11:20  Zealot  
  84  11:26  High Templar x3  
  90  11:39  Zealot  
  91  11:52  Probe x2  
  91  11:54  High Templar  
Tags
 
Add a new tag
Caveats
  • Supply blocks, unpowered buildings, or Contaminate may cause inaccurate times.
  • Supply counts are checked every 10 seconds.